Map: Dusk Towers

Players

Shiek

  • Race: Terran Terran
  • League: Grandmaster

Miszu - Winner!

  • Race: Terran Terran
  • League: Master

VOD

Have the link to the VOD?

Description

Time

  • Played on: July 3, 2016, 7:50 a.m.
  • Length: 8:19
Show
View Real Time Build Order
Export as new Build Order

Shiek Terran 

Build Orders: Reaper Expand, MMM Bio 

Get SALT Encoding   

  12  0:00  SCV  
  13  0:12  SCV  
  14  0:17  Supply Depot  
  14  0:24  SCV  
  15  0:39  SCV  
  15  0:40  Barracks  
  16  0:44  Refinery  
  16  0:51  SCV  
  17  1:03  SCV  
  18  1:15  SCV  
  19  1:27  Reaper, Orbital Command  
  20  1:45  Command Center  
  20  1:54  SCV  
  20  1:58  Supply Depot  
  20  1:59  Reaper  
  22  2:05  Refinery  
  22  2:06  SCV  
  23  2:20  SCV  
  23  2:22  Factory  
  24  2:27  Bunker  
  23  2:38  Reaper  
  23  2:39  SCV  
  25  2:52  SCV  
  25  2:54  Barracks  
  26  2:59  Orbital Command  
  26  3:04  SCV  
  26  3:06  Hellion  
  28  3:20  Barracks, SCV  
  27  3:32  SCV x2  
  27  3:41  Barracks Reactor  
  27  3:42  Barracks Tech Lab  
  27  3:44  SCV  
  27  3:45  SCV  
  27  3:47  Starport  
  28  3:57  SCV x2  
  28  4:00  Factory Reactor  
  28  4:01  Marine  
  28  4:02  Stimpack  
  31  4:09  SCV x2  
  33  4:12  Barracks Reactor  
  33  4:16  Refinery  
  33  4:19  Marine x2  
  33  4:20  Marine  
  33  4:21  SCV x2  
  38  4:33  Supply Depot, SCV x2  
  38  4:38  Marine x2  
  42  4:40  Marine  
  43  4:46  SCV x2  
  43  4:48  Supply Depot  
  45  4:55  Medivac x2  
  45  4:56  Marine  
  45  4:58  Engineering Bay, SCV x2  
  45  4:59  Marine  
  53  5:00  Marine  
  54  5:10  Marine x2, SCV x2  
  54  5:11  Supply Depot  
  54  5:12  Factory Tech Lab  
  58  5:14  Marine  
  58  5:16  Marine  
  60  5:22  SCV x2  
  60  5:25  Supply Depot  
  62  5:32  Marine, Medivac x2  
  67  5:38  Marine x3  
  70  5:43  Terran Infantry Weapons Level 1  
  70  5:46  Marine, SCV x2, Missile Turret  
  73  5:50  Missile Turret  
  73  5:55  Supply Depot  
  73  5:57  Supply Depot  
  73  5:58  SCV x2  
  73  6:01  Marine  
  73  6:03  Marine, Combat Shields  
  77  6:10  Marine  
  78  6:16  Marine x2  
  78  6:17  Siege Tank  
  83  6:19  Marine  
  83  6:21  Marine  
  78  6:25  SCV  
  78  6:27  SCV  
  78  6:28  Marine  
  70  6:34  Marine x2  
  70  6:37  Marine, Medivac  
  70  6:38  SCV  
  70  6:39  Marine  
  77  6:46  Marine  
  60  7:15  Supply Depot  
  60  7:16  Supply Depot  
  60  7:29  Command Center  
  60  7:41  SCV  
  60  7:42  Command Center  
  61  7:47  Marine x4  
  61  7:49  Marine  
  66  7:54  SCV  
Show
View Real Time Build Order
Export as new Build Order

Miszu Terran - Winner!

Build Orders: MMM Bio 

Get SALT Encoding   

  12  0:00  SCV  
  13  0:13  SCV  
  14  0:17  Supply Depot  
  14  0:25  SCV  
  15  0:38  SCV  
  16  0:43  Barracks  
  16  0:46  Refinery  
  16  0:50  SCV  
  17  1:03  Barracks  
  17  1:07  SCV  
  18  1:19  SCV  
  20  1:34  Reaper  
  20  1:36  Orbital Command  
  20  1:38  Supply Depot  
  20  1:51  Reaper  
  21  2:01  SCV  
  21  2:07  Reaper  
  23  2:11  Command Center  
  23  2:13  SCV  
  24  2:18  Refinery  
  24  2:25  Reaper  
  24  2:26  SCV  
  26  2:42  SCV  
  26  2:44  Reaper  
  28  2:49  Barracks  
  28  2:54  SCV  
  29  3:06  SCV  
  29  3:10  Barracks Tech Lab  
  30  3:19  SCV  
  29  3:29  Barracks Reactor  
  28  3:36  Marine  
  28  3:37  Stimpack  
  28  3:38  Marine  
  29  3:44  Bunker, SCV, Orbital Command  
  29  3:46  Factory  
  30  3:54  Marine  
  31  3:56  SCV  
  31  3:57  Marine  
  33  4:05  Marine x2  
  33  4:08  SCV  
  37  4:10  SCV  
  37  4:12  Marine  
  37  4:13  Supply Depot  
  37  4:15  Marine  
  39  4:20  SCV  
  39  4:22  SCV  
  39  4:23  Marine x2  
  43  4:30  Starport, Marine, Factory Reactor  
  44  4:32  SCV  
  44  4:33  Marine  
  44  4:35  SCV  
  44  4:36  Supply Depot, Engineering Bay  
  44  4:38  Refinery  
  47  4:41  Marine x2  
  47  4:44  SCV  
  50  4:47  Marine, SCV  
  50  4:50  Marine  
  53  4:56  SCV  
  53  4:58  Supply Depot, Marine  
  53  4:59  Marine, SCV  
  57  5:05  Terran Infantry Weapons Level 1, Marine  
  58  5:08  Marine  
  58  5:09  SCV  
  60  5:15  Medivac  
  60  5:16  Factory Tech Lab  
  60  5:19  Marine, Medivac  
  65  5:22  Marine, SCV  
  65  5:23  Marine, SCV  
  65  5:26  Marine  
  65  5:28  Supply Depot  
  70  5:40  Combat Shields  
  70  5:45  Supply Depot  
  70  5:49  Marine x2, Siege Tank, SCV x2  
  77  5:54  Marine  
  78  6:06  Supply Depot, Marine, Medivac x2, SCV x2  
  78  6:08  Supply Depot  
  85  6:13  Barracks Reactor, Refinery  
  85  6:18  SCV  
  85  6:21  SCV  
  76  6:30  SCV  
  70  6:33  SCV  
  71  6:41  Marine x3  
  71  6:42  SCV  
  71  6:45  SCV  
  72  6:54  SCV  
  72  6:57  SCV  
  72  6:59  Marine x3  
  75  7:07  SCV  
  75  7:08  Siege Tank  
  65  7:09  SCV  
  66  7:17  Marine  
  66  7:19  SCV  
  66  7:21  SCV, Missile Turret  
  69  7:29  Marauder  
  73  7:31  Viking, SCV  
  73  7:33  SCV  
  75  7:43  SCV  
  76  7:45  SCV  
  76  7:50  Command Center  
  77  7:55  Supply Depot, SCV  
  77  7:58  SCV  
  82  7:59  Marine x4  
Tags
 
Add a new tag
Caveats
  • Supply blocks, unpowered buildings, or Contaminate may cause inaccurate times.
  • Supply counts are checked every 10 seconds.